 Dungeon Crawl Stone Soup version 0.23.2-1-ga50397a (webtiles) character file.

Game seed: 8606195797561913914

639 xveg the Covert (level 7, 0/33 HPs)
             Began as a Spriggan Assassin on May 7, 2019.
             Was a Believer of Wu Jian.
             Killed from afar by xveg's ghost (6 damage)
             ... with a magic dart
             ... on level 4 of the Dungeon.
             The game lasted 00:24:26 (5169 turns).

xveg the Covert (Spriggan Assassin)                 Turns: 5169, Time: 00:24:27

Health: 0/33       AC:  4    Str:  7    XL:     7   Next: 25%
Magic:  8/8        EV: 20    Int: 13    God:    Wu Jian [**....]
Gold:   169        SH:  0    Dex: 19    Spells: 6/6 levels left

rFire    . . .     SeeInvis +   a - +3 dagger
rCold    . . .     Gourm    .   (shield restricted)
rNeg     . . .     Faith    .   c - +0 robe
rPois    .         Spirit   .   (helmet restricted)
rElec    .         Reflect  .   d - +1 cloak
rCorr    .         Harm     .   (gloves unavailable)
MR       ++...                  (boots unavailable)
Stlth    ++++......             (no amulet)
HPRegen  0.11/turn              s - ring of protection from magic
MPRegen  0.11/turn              (no ring)

@: very quick
A: very small, unfitting armour, see invisible, herbivore, speed 3, slow
metabolism 2
a: Wall Jump, Renounce Religion


You were on level 4 of the Dungeon.
You worshipped Wu Jian.
Wu Jian was pleased with you.
You were not hungry.

You visited 1 branch of the dungeon, and saw 4 of its levels.

You collected 187 gold pieces.
You spent 18 gold pieces at shops.

Inventory:

Hand Weapons
 a - a +3 dagger (weapon)
 b - a +0 blowgun
 t - a +1 hand crossbow
Missiles
 e - 3 poisoned needles
 u - 2 needles of confusion
Armour
 c - a +0 robe (worn)
 d - a +1 cloak (worn)
 k - a +0 leather armour
Jewellery
 s - a ring of protection from magic (left hand)
Wands
 r - a wand of digging (5)
 x - a wand of iceblast (7)
Scrolls
 i - 6 scrolls of remove curse
 l - a scroll of enchant armour
 m - 2 scrolls of amnesia
 p - 4 scrolls of identify
 q - 2 scrolls of teleportation
 v - a scroll of magic mapping {unknown}
Potions
 h - a potion of mutation {unknown}
 j - a potion of curing {unknown}
 n - a potion of lignification {unknown}
 o - a potion of berserk rage {unknown}
 w - a potion of might {unknown}
Comestibles
 g - 15 rations


   Skills:
 - Level 1.5 Fighting
 * Level 5.2 Short Blades
 * Level 0.3 Crossbows
 + Level 4.5 Throwing
 * Level 4.5 Dodging
 * Level 8.5 Stealth


You had 6 spell levels left.
You didn't know any spells.
Your spell library was empty.

Dungeon Overview and Level Annotations

Branches:
Dungeon (4/15)
 Temple: D:4-7

Altars:
Okawaru
Wu Jian

Shops:
D:4 (

Annotations:
D:4 Curus's ghost, amateur HOFi; Killmatronix's ghost, amateur KoCK; xveg's ghost, novice VSCj


Innate Abilities, Weirdness & Mutations

You are very small and have problems with some larger weapons.
You are too small for most types of armour.
You have supernaturally acute eyesight. (SInv)
You are a herbivore.
You cover ground extremely quickly.
You need to consume almost no food.


Message History

* * * LOW HITPOINT WARNING * * *
You hit xveg's ghost.
Xveg's ghost is moderately damaged.
Xveg's ghost closely misses you.
You hit xveg's ghost.
Xveg's ghost is heavily damaged.
You hit xveg's ghost.
Xveg's ghost is heavily damaged.
Xveg's ghost hits you.
* * * LOW HITPOINT WARNING * * *
You hit xveg's ghost.
Xveg's ghost is heavily damaged.
Xveg's ghost barely misses you.
Aiming: Iceblast
Press: ? - help, Shift-Dir - straight line, f/p - xveg's ghost
Aim: xveg's ghost (heavily damaged)
Okay, then.
Xveg's ghost gestures at you while chanting.
The magic dart hits you.
You die...

.......#
#.##.# #.###
.......#
#.##.# #.#
########
#.##.# #.#
#.##.# #.#
#.##.#####.###
#.##.........#
#.############
#.# #@#
##############
#.#
...W.........#
#.#
############.#
#W# #.# #.#
#W# #.# #.#
#.# #.# #.#
#.###.#


You could see xveg's ghost.

Vanquished Creatures
  3 ogres (D:4)
  A water moccasin skeleton (D:3)
  A howler monkey (D:4)
  A centaur skeleton (D:4)
  An orc priest (D:4)
  An orc wizard (D:4)
  A worker ant (D:4)
  7 adders
  An ooze (D:2)
  An adder skeleton (D:4)
  4 worms
  A dart slug (D:1)
  3 leopard geckos
  13 orcs
  A ball python (D:3)
  5 giant cockroaches
  3 goblins
  7 hobgoblins
  6 jackals
  6 kobolds
  6 quokkas
  6 bats
  4 frilled lizards
  A jackal skeleton (D:4)
  2 leopard gecko skeletons (D:4)
  3 rats
89 creatures vanquished.

Notes
Turn   | Place    | Note
-------+----------+-------------------------------------------
     0 | D:1      | xveg the Spriggan Assassin began the quest for the Orb.
     0 | D:1      | Reached XP level 1. HP: 10/10 MP: 2/2
    52 | D:1      | Reached skill level 6 in Stealth
   333 | D:1      | Reached XP level 2. HP: 14/14 MP: 3/3
  1041 | D:2      | Reached XP level 3. HP: 18/18 MP: 4/4
  1115 | D:2      | Found an ornate altar of the Wu Jian Council.
  1127 | D:2      | Became a worshipper of the Wu Jian Council
  1197 | D:2      | Reached skill level 7 in Stealth
  1792 | D:3      | Reached XP level 4. HP: 7/22 MP: 5/5
  2292 | D:3      | Reached * piety under Wu Jian
  2292 | D:3      | Reached XP level 5. HP: 25/25 MP: 6/6
  3042 | D:4      | Found an iron altar of Okawaru.
  3065 | D:4      | Found Ihulyo's Weapon Shop.
  3078 | D:4      | Bought 3 needles of confusion for 18 gold pieces
  3206 | D:4      | Noticed an ogre
  3235 | D:4      | Killed an ogre
  3235 | D:4      | Reached XP level 6. HP: 30/30 MP: 7/7
  3296 | D:4      | Reached skill level 8 in Stealth
  3856 | D:4      | Reached skill level 5 in Short Blades
  3856 | D:4      | Reached XP level 7. HP: 32/33 MP: 8/8
  3884 | D:4      | Reached ** piety under Wu Jian
  4252 | D:4      | Found a runed translucent gate.
  4252 | D:4      | Found a runed translucent gate.
  4252 | D:4      | Found a runed translucent gate.
  4253 | D:4      | Noticed xveg's ghost (novice VSCj)
  4253 | D:4      | Noticed Curus's ghost (amateur HOFi)
  4253 | D:4      | Noticed Killmatronix's ghost (amateur KoCK)
  5169 | D:4      | Killed from afar by xveg's ghost

Skill      XL: |  1  2  3  4  5  6 |
---------------+-------------------+-----
Stealth        | 6 7 8 |  8.5
Short Blades   | 3 4 5 |  5.2
Dodging        | 2 3 4 |  4.5
Throwing       | 3 4 |  4.5
Fighting       | |  1.5
Crossbows      | |  0.3

Action                   |  1- 3 |  4- 6 |  7- 9 || total
-------------------------+-------+-------+-------++-------
Melee: Dagger            |   112 |   127 |    82 ||   321
 Fire: Blowgun           |    42 |    60 |    25 ||   127
Invok: Lunge             |     3 |     5 |     1 ||     9
       Whirlwind         |       |     4 |     2 ||     6
  Use: Scroll            |       |     8 |       ||     8
 Stab: Sleeping          |     7 |     7 |       ||    14
       Confused          |       |     1 |       ||     1
  Eat: Ration            |       |     1 |       ||     1
Armor: Robe              |    17 |     3 |     4 ||    24
Dodge: Dodged            |    85 |    81 |    42 ||   208
